[Event "Frauenbundesliga 2021-22"]
[Site "Germany"]
[Date "2022.05.28"]
[Round "10.23"]
[White "Ionica, Iulia-Ionela"]
[Black "Miturova, Magdalena"]
[Result "1-0"]
[ECO "C45"]
[WhiteElo "2186"]
[BlackElo "2217"]
[Annotator "TA"]
[PlyCount "69"]
[EventDate "2021.11.26"]
[EventType "team-tourn"]
[EventCountry "GER"]
[SourceTitle "playchess.com"]
[Source "ChessBase"]
[SourceQuality "1"]
[WhiteTeam "Hemer"]
[BlackTeam "Rodewisch"]
[TimeControl "40/5400+30:1800+30"]

1. e4 {[%emt 0:00:46] Besenthal,K} e5 2. Nf3 Nc6 3. d4 exd4 4. Nxd4 Bc5 5. Nb3 Bb6 6. Nc3 Nf6 7. Bg5 h6 8. Bh4 d6 {[%emt 0:01:49][%cal Of6e4] C45: Scotch Game.} 9. f3 Be6 10. Bb5 a6 {[%emt 0:18:52] White has an edge.} 11. Bxc6+ bxc6 12. Qe2 {[%emt 0:04:01] [#]} a5 $146 ({Predecessor:} 12... g5 13. Bf2 Bxf2+ 14. Qxf2 Qe7 15. O-O-O a5 16. Nd4 Bd7 17. h4 g4 18. Nf5 Qe5 19. f4 Nxe4 20. Nxd6+ Qxd6 21. Nxe4 Qe7 22. Qd4 {1-0 (22) Giri,A (2782)-Fressinet,L (2687) Paris 2016 CBM 173 [Besenthal,K]}) 13. O-O-O g5 (13... O-O $14) 14. Bf2 $16 Nd7 15. Nd4 {[%emt 0:14:15] White is more active.} Bxd4 16. Bxd4 Rg8 17. e5 c5 18. Bf2 Nxe5 {[%emt 0:01:07] [#]} 19. Bxc5 $1 Qe7 (19... Rg6 $16 {keeps fighting.}) 20. Bd4 $18 f6 21. Rhe1 Kf7 (21... Kf8 $16) 22. h4 Rab8 23. hxg5 hxg5 24. g3 {[%emt 0:08:39] Strongly threatening f4.} c5 (24... Rbe8 $16 25. Qe3 Nc6) 25. Bxe5 dxe5 26. f4 Qb7 27. b3 c4 $2 (27... gxf4 28. gxf4 Qg2) 28. Ne4 Kg7 (28... Qe7 $142 29. Nd6+ Kg7 30. fxg5 Rgf8) 29. fxe5 {[%emt 0:01:29] [#] Threatens to win with Qh5.} cxb3 30. exf6+ Kg6 31. axb3 Qb4 32. Nd6 Qa3+ 33. Kb1 {[%emt 0:00:05] White threatens Qe4+ and mate.} Bxb3 {[%emt 0:01:06] ...Bc4+ is the strong threat.} 34. Qe4+ Kxf6 35. Qf5+ {[%emt 0:00:23] Weighted Error Value: White=0.28 (precise) /Black=0.59} 1-0

[Event "Frauenbundesliga 2021-22"]
[Site "Germany"]
[Date "2022.05.28"]
[Round "10.24"]
[White "Kubikova, Alena"]
[Black "Naumenko, Valerija"]
[Result "0-1"]
[ECO "C90"]
[WhiteElo "2093"]
[BlackElo "1750"]
[Annotator "TA"]
[PlyCount "84"]
[EventDate "2021.11.26"]
[EventType "team-tourn"]
[EventCountry "GER"]
[SourceTitle "playchess.com"]
[Source "ChessBase"]
[SourceQuality "1"]
[WhiteTeam "Rodewisch"]
[BlackTeam "Hemer"]
[TimeControl "40/5400+30:1800+30"]

1. e4 e5 2. Nf3 Nc6 3. Bb5 a6 4. Ba4 Nf6 5. O-O b5 6. Bb3 Be7 7. Re1 d6 8. a4 Bd7 9. c3 O-O 10. d4 h6 {[%emt 0:04:30] C90: Closed Ruy Lopez with 7...d6: Early deviations.} 11. h3 Re8 12. Na3 Qb8 {[%emt 0:13:24] [#] The position is equal.} 13. dxe5 $146 ({Predecessor:} 13. Nc2 Bd8 14. dxe5 Nxe5 15. Nxe5 dxe5 16. Ne3 Qb7 17. Qf3 b4 18. Bc2 a5 19. Bd2 {1-0 (50) Sukhorskij,V (2144)-Sherwood,R (2004) LSS email 2011}) 13... Nxe5 14. Nxe5 dxe5 15. Nc2 Bc6 16. f3 Bc5+ ({Black should play} 16... bxa4 17. Bxa4 Bxa4 18. Rxa4 Nh5) 17. Kh2 $11 Rd8 18. Qe2 Nh5 19. axb5 (19. Nb4 $14 {keeps the upper hand.} Bxb4 20. cxb4) 19... Bxb5 $17 20. c4 (20. Bc4 $2 Bxc4 21. Qxc4 Bf2 $19) 20... Bc6 21. Ba4 Bxa4 {[%emt 0:02:44] Black is much more active.} 22. Rxa4 a5 $36 {[%emt 0:04:31][%mdl 2048] Prevents b4. White is under strong pressure.} 23. g3 {[%emt 0:01:26] This move loses the game for White.} (23. Ne3 $17) 23... Qb3 $19 24. Ra1 {[%emt 0:00:18] [#]} Rd3 25. Be3 {[%emt 0:00:47] [#]} (25. Kg2 $142) 25... Rad8 $1 26. Rad1 $2 ({Not} 26. Bxc5 $2 Rd2 27. Nd4 R8xd4 28. Bxd4 Qc2 $19) (26. Rxa5 Nf4 27. gxf4 Bxe3 28. Ra3 (28. Nxe3 $2 Rd2 $19) 28... Bxf4+ 29. Kg2 Qxc4 30. Rxd3 Qxd3 31. Qxd3 Rxd3 32. Re2) 26... Rxd1 27. Rxd1 Rxd1 28. Bxc5 Rd3 29. Ne1 Rd7 30. Be3 Nf6 31. c5 (31. Kg2 $142) 31... c6 {[%emt 0:00:27] ...Qd1 is the strong threat.} 32. h4 Ne8 {[%emt 0:00:40] Strongly threatening ...Qd1.} 33. Kh3 Nc7 34. f4 exf4 35. Bxf4 Nb5 36. Nf3 Nd4 37. Nxd4 Rxd4 {[%emt 0:00:03] KQR-KQB} 38. Qa6 (38. Qg4 $142 Qe6 39. Qxe6 fxe6 40. b3) 38... Qe6+ 39. Kh2 Rxe4 {[%emt 0:00:31] ( -> ...Re2+)} 40. Qa8+ Kh7 {[%emt 0:00:10] Black mates.} 41. Qa6 Re2+ 42. Kg1 Qe4 {[%emt 0:00:08] Weighted Error Value: White=0.99/Black=0.55} 0-1

[Event "Frauenbundesliga 2021-22"]
[Site "Germany"]
[Date "2022.05.28"]
[Round "10.25"]
[White "Abdumalik, Zhansaya"]
[Black "Saduakassova, Dinara"]
[Result "1-0"]
[ECO "C54"]
[WhiteElo "2489"]
[BlackElo "2446"]
[Annotator "TA"]
[PlyCount "113"]
[EventDate "2021.11.26"]
[EventType "team-tourn"]
[EventCountry "GER"]
[SourceTitle "playchess.com"]
[Source "ChessBase"]
[SourceQuality "1"]
[WhiteTeam "Baden-Baden"]
[BlackTeam "Schwaebisch Hall"]
[TimeControl "40/5400+30:1800+30"]

1. e4 e5 2. Nf3 Nc6 3. Bc4 Bc5 4. c3 Nf6 5. d4 exd4 6. cxd4 Bb4+ 7. Nbd2 d5 8. exd5 Nxd5 9. O-O {[%emt 0:00:06] C54: Giuoco Piano: 4 c3 Nf6, main lines with 5 d4 and 5 d3.} O-O 10. a3 Be7 11. Re1 {[%emt 0:02:44] The position is equal.} Bf5 12. Ba2 {[%emt 0:01:10] [#]} Bf6 $146 ({Predecessor:} 12... Nb6 13. Ne4 Bxe4 14. Rxe4 Bf6 15. Bf4 Nd5 16. Bg3 Nce7 17. Qb3 Rb8 18. Rae1 b5 {½-½ (60) Gokerkan,C (2465)-Yoo,C (2485) Chess.com INT 2021}) 13. Ne4 Bxe4 14. Rxe4 Nce7 15. Qd3 c6 16. h4 g6 17. Bd2 Nf5 18. h5 Re8 19. Rxe8+ Qxe8 20. Re1 Qf8 (20... Qd7 $11) 21. g4 $16 Ng7 22. Ne5 ({White should play} 22. g5 $16 Be7 23. Qe4) 22... Rd8 23. Qf3 Bxe5 24. Rxe5 Ne6 25. Bxd5 Rxd5 (25... cxd5 $11 {remains equal.} 26. Rxd5 Nxd4) 26. Rxd5 cxd5 27. hxg6 hxg6 28. Qxd5 $11 {[%emt 0:00:06][%mdl 4096] Endgame KQB-KQN} Qc8 29. Qe4 {[%emt 0:02:46] Prevents Qc2. White is more active.} Qc4 30. Bc3 ({Much less strong is} 30. Qxb7 Nxd4 31. Kg2 Nb3 32. Qb8+ Kh7 33. Qh2+ Kg8 34. Qb8+ Kh7 35. Qh2+ Kg8 $14) 30... b6 31. Qe5 Nc7 32. Bd2 (32. Kg2 $14) 32... Kh7 (32... Ne6 $11) 33. Qe7 $16 Nb5 34. Qh4+ Kg8 35. Be3 $36 {[%emt 0:01:01][%mdl 2048] White is in control.} Qe6 36. Qg5 Nc7 37. Kh2 Nd5 38. Kg3 Qe4 {[%emt 0:01:02] [#]} 39. Qe5 $1 Qh1 40. f3 Qe1+ {[%emt 0:00:39] This move loses the game for Black.} (40... Nxe3 $16 41. Qe8+ (41. Qxe3 Kf8 $16) 41... Kg7 42. Qxe3 Kf8) 41. Bf2 $18 Qxe5+ 42. dxe5 {[%emt 0:00:00] KB-KN} g5 43. Be1 Kg7 $2 (43... Nf4 {is a better defense.} 44. Bd2 Ne6) 44. Bd2 {[%emt 0:00:00] White is clearly winning.} Kg6 45. Kf2 f5 {[%emt 0:12:54] [#]} 46. exf6 Kxf6 47. Ke2 Ne7 48. Kd3 Ng6 49. Ke4 Nh4 (49... b5 $142 50. Kd5 Nh4) 50. Be3 Ng2 51. b4 {[%emt 0:00:00] aiming for b5.} Ne1 52. a4 {[%emt 0:00:00][%cal Ba3a4,Ba4a5,Ba5a6][%mdl 32] And now b5 would win.} Nc2 53. Bd2 {[%emt 0:00:00] Kd3 is the strong threat.} Na3 54. Kd5 b5 55. a5 {[%emt 0:00:00] Black must now prevent a6.} Nc4 56. Bc3+ Ke7 57. a6 {[%emt 0:00:00] Weighted Error Value: White=0.10 (very precise) /Black=0.29 (precise)} 1-0

[Event "Frauenbundesliga 2021-22"]
[Site "Germany"]
[Date "2022.05.28"]
[Round "10.26"]
[White "Kashlinskaya, Alina"]
[Black "Kosteniuk, Alexandra"]
[Result "1-0"]
[ECO "E48"]
[WhiteElo "2498"]
[BlackElo "2513"]
[Annotator "TA"]
[PlyCount "135"]
[EventDate "2021.11.26"]
[EventType "team-tourn"]
[EventCountry "GER"]
[SourceTitle "playchess.com"]
[Source "ChessBase"]
[SourceQuality "1"]
[WhiteTeam "Schwaebisch Hall"]
[BlackTeam "Baden-Baden"]
[TimeControl "40/5400+30:1800+30"]

1. d4 Nf6 2. c4 e6 3. Nc3 Bb4 4. e3 O-O 5. Bd3 d5 6. cxd5 exd5 7. a3 {[%emt 0:00:11] E48: Nimzo-Indian: Rubinstein: 5 Bd3 d5 including 6 Ne2, but excluding 6 a3.} Bd6 8. Qc2 Re8 {[%emt 0:05:37] [#]} 9. Nb5 $146 {[%emt 0:02:36] The position is equal.} ({Predecessor:} 9. Nge2 a6 10. b4 Nbd7 11. O-O c6 12. f3 a5 13. Rb1 axb4 14. axb4 Nf8 15. e4 dxe4 16. fxe4 {1-0 (42) Bluebaum,M (2663)-Donchenko,A (2599) Chess.com INT 2022}) 9... Nc6 10. Nxd6 Qxd6 11. Ne2 a5 12. f3 b6 13. Bd2 Bb7 (13... Nb8 $14 {deserves consideration.}) 14. Rc1 Rac8 15. Bb5 Re6 16. O-O Nd8 17. b4 Qe7 18. bxa5 bxa5 19. Qc3 Ba6 20. Rb1 Rb6 21. Bxa6 Rxa6 22. Rb5 $36 {[%emt 0:00:18][%mdl 2048] White fights for an advantage.} a4 23. Nf4 Rc6 24. Qb2 Qd7 25. Nd3 {[%emt 0:00:21] Ne5 is the strong threat.} Rc2 26. Qxc2 $16 Qxb5 27. Rb1 Qc6 28. Nc5 (28. Qxc6 $1 $16 {Threatening mate with Qa6.} Nxc6 29. Rb5) 28... Ne6 (28... Nd7 $1 $14) 29. Qxa4 {[%emt 0:02:33] 0x0.001b5af9f3e6dp-1022s more active pieces.} Qxa4 30. Nxa4 Ra8 31. Nc3 h6 32. a4 c5 33. dxc5 Nxc5 34. Rb4 Kf8 (34... Ra6 $16 35. Kf1 Nfd7 36. Nxd5 Nxa4) 35. Kf1 Ke7 36. Ke2 Kd7 37. g4 Kc6 38. h4 Nfd7 39. Rd4 Nb6 {[%emt 0:01:17][%cal Rc5a4] [#]} 40. a5 $1 Ne6 (40... Rxa5 $16 41. Nxd5 Ra7) 41. axb6 $18 Nxd4+ 42. exd4 Ra6 43. Nd1 (43. b7 Rb6 44. h5 Rxb7 $18) 43... Rxb6 44. Ne3 g6 45. Nf1 Rb2 46. Kd1 ({White should play} 46. Ke1 $18) 46... Rb3 (46... Kb5 $16 {is a better defense.} 47. Bxh6 Kc4) 47. Ke2 Rb2 48. Ne3 $2 ({Better is} 48. Ke1 $18) 48... Ra2 $2 (48... Rb6 $1 $11) 49. Nd1 h5 (49... f6 {was necessary.} 50. Nc3 Rb2) 50. gxh5 gxh5 {[%emt 0:00:02] [#]} 51. Ne3 $1 Ra1 52. Nf5 Ra6 53. Ng3 Kb5 $2 (53... Ra4 54. Ke3 (54. Nxh5 Rxd4 55. Nf4 Kd6 $18) 54... Ra8) 54. Nxh5 Kc4 55. Be3 Ra2+ 56. Kf1 Ra3 57. Kf2 Ra2+ 58. Kg3 Kd3 59. Bf2 Ke2 60. Kg2 Kd3 61. Nf4+ Kc4 62. h5 Rb2 63. Kg3 ({Weaker is} 63. h6 Rb6 $16) 63... Ra2 64. Nh3 ({Less strong is} 64. h6 Ra6 65. Ng2 (65. h7 Rh6 $16) 65... Rxh6 66. Ne3+ Kd3 67. Nxd5 Rg6+ 68. Kh3 Kc4 $18) 64... Kd3 65. Kg4 Ke2 66. Bh4 {[%emt 0:03:00] And now h6 would win.} Ke3 67. h6 {[%emt 0:00:55] White threatens h7 and mate.} Rg2+ 68. Kf5 {[%emt 0:01:08] Weighted Error Value: White=0.20 (precise) /Black=0.32} 1-0

[Event "Frauenbundesliga 2021-22"]
[Site "Germany"]
[Date "2022.05.28"]
[Round "10.27"]
[White "Paehtz, Elisabeth"]
[Black "Batsiashvili, Nino"]
[Result "1/2-1/2"]
[ECO "B01"]
[WhiteElo "2497"]
[BlackElo "2463"]
[Annotator "TA"]
[PlyCount "59"]
[EventDate "2021.11.26"]
[EventType "team-tourn"]
[EventCountry "GER"]
[SourceTitle "playchess.com"]
[Source "ChessBase"]
[SourceQuality "1"]
[WhiteTeam "Baden-Baden"]
[BlackTeam "Schwaebisch Hall"]
[TimeControl "40/5400+30:1800+30"]

1. e4 d5 2. exd5 Qxd5 3. Nc3 Qa5 4. Bc4 Nf6 5. d3 Bg4 6. f3 Bd7 {[%emt 0:01:17] B01: Scandinavian Defence.} 7. Bd2 Qb6 8. Qe2 Nc6 {[%emt 0:04:23][%cal Bb8c6,Bc6d4,Bd4e2][%mdl 32] White has an edge.} 9. O-O-O e6 10. Na4 Nd4 11. Nxb6 Nxe2+ 12. Nxe2 axb6 {[%emt 0:03:43] [#]} 13. Nc3 $146 ({Predecessor:} 13. a3 b5 14. Bb3 Be7 15. c3 b6 16. d4 {½-½ (16) Pirs,M (2553)-Stephan,J (2555) ICCF email 2011}) 13... c6 14. a4 b5 15. axb5 cxb5 16. Bb3 $1 Ra1+ 17. Nb1 b4 18. Be3 Ba4 (18... Nd5 {is interesting.} 19. Kd2 Ba4 20. Bxd5 exd5 21. b3 Bd7) 19. Bxa4+ Rxa4 20. c4 {[%emt 0:03:11] Against Nd5} bxc3 21. Nxc3 Ra8 22. Kc2 Bd6 23. Ne4 Kd7 24. Nxf6+ gxf6 25. Bd4 Rhc8+ 26. Bc3 f5 27. g4 $1 fxg4 28. fxg4 {[%emt 0:00:03] The position is equal.} f5 29. gxf5 exf5 30. Rdf1 {[%emt 0:02:14] Weighted Error Value: White=0.05 (flawless) /Black=0.06 (flawless)} 1/2-1/2

[Event "Frauenbundesliga 2021-22"]
[Site "Germany"]
[Date "2022.05.28"]
[Round "10.28"]
[White "Javakhishvili, Lela"]
[Black "Stefanova, Antoaneta"]
[Result "0-1"]
[ECO "D30"]
[WhiteElo "2480"]
[BlackElo "2458"]
[Annotator "TA"]
[PlyCount "70"]
[EventDate "2021.11.26"]
[EventType "team-tourn"]
[EventCountry "GER"]
[SourceTitle "playchess.com"]
[Source "ChessBase"]
[SourceQuality "1"]
[WhiteTeam "Schwaebisch Hall"]
[BlackTeam "Baden-Baden"]
[TimeControl "40/5400+30:1800+30"]

1. d4 d5 2. c4 c6 3. Nf3 e6 4. Qc2 dxc4 5. Qxc4 Nf6 6. Bg5 Nbd7 {[%emt 0:00:09][%cal Oe6e5] D30: Queen's Gambit Declined: Systems without Nc3.} 7. Nc3 h6 8. Bh4 Qb6 {[%emt 0:01:30] [#] The position is equal.} 9. e4 $146 (9. Rb1 $14) ({Predecessor:} 9. Rb1 Bb4 10. a3 Bxc3+ 11. Qxc3 O-O 12. e3 Nd5 13. Qd2 c5 14. e4 N5f6 15. e5 {1-0 (34) Sanikidze,T (2426)-Burmakin,V (2593) Baku 2007}) 9... Qxb2 $15 (9... g5 10. Bg3 $11) 10. Rb1 Qa3 11. Be2 Nb6 $36 {[%emt 0:10:25][%mdl 2048] Black has good play.} 12. Qd3 Bb4 13. Rb3 Qc1+ 14. Bd1 {[%emt 0:00:14] [#]} Nxe4 $1 15. O-O $1 Nxc3 (15... Bxc3 $2 16. Qxe4 Nd5 17. g3 $18 (17. Bc2 Qf4 $11)) 16. Bc2 $1 Nxa2 {[%emt 0:10:06] aiming for ...Qf4.} (16... Qf4 $5 17. Rxb4 Nbd5 $15) 17. d5 $2 {[%emt 0:09:56][%mdl 8192] [#] Black keeps a firm grip on the game.} ({But not} 17. Rxc1 $2 Nxc1 18. Qe3 Nxb3 19. Qxb3 Nd5 $19) (17. Qe4 $1 $11 {and White is okay.} a5 18. Ne5 (18. Rxc1 Nxc1 19. Rb1 Na2 $15)) 17... Qf4 (17... Nxd5 $142 $1 18. Bg3 {[#]} h5 $1 19. Rxc1 Nxc1) 18. dxc6 $19 Qd6 {[%emt 0:03:49] Inhibits Qd8+.} ({Much less strong is} 18... Nd5 19. cxb7 Bxb7 20. Bg3 $18) 19. Nd4 $2 (19. Qxd6 Bxd6 20. Be4) 19... bxc6 20. Qe4 Nc3 21. Qg4 g5 22. Nxc6 Qxc6 23. Qxb4 {[%emt 0:04:13] [#]} Bb7 $1 24. f3 Ne2+ 25. Kh1 Qxc2 26. Bf2 Nf4 27. Ra3 Qe2 28. Kg1 Qc4 29. Qd6 Ne2+ 30. Kh1 {[%emt 0:00:01] [#]} Ng3+ $1 31. hxg3 (31. Qxg3 Qxf1+) 31... Qxf1+ 32. Bg1 g4 (32... Rd8 $142 33. Qxd8+ Kxd8 34. Kh2 Kc7 35. Bd4 Rd8 36. Be5+ Kc6 37. Ra1 Qe2 38. Bc3 Qc2 39. Be5 Nc4 40. Rg1 Nxe5 41. Kh1 Rd1 42. g4 Rxg1+ 43. Kxg1 Ba6 44. Kh1 Bf1 45. Kh2 Qxg2#) 33. Re3 Bd5 {[%emt 0:00:49] Black mates.} ({Stronger than} 33... gxf3 34. Rxe6+ fxe6 35. Qxe6+ Kf8 36. Qf6+ Kg8 37. Qg6+ Kf8 38. Qf6+ Kg8 39. Qg6+ Kf8 40. Qf6+ $11) 34. Kh2 gxf3 35. gxf3 Rc8 {[%emt 0:00:34] Weighted Error Value: White=0.70/Black=0.13 (very precise)} 0-1

[Event "Frauenbundesliga 2021-22"]
[Site "Germany"]
[Date "2022.05.28"]
[Round "10.29"]
[White "Salimova, Nurgyul"]
[Black "Arabidze, Meri"]
[Result "1/2-1/2"]
[ECO "A46"]
[WhiteElo "2418"]
[BlackElo "2436"]
[Annotator "TA"]
[PlyCount "120"]
[EventDate "2021.11.26"]
[EventType "team-tourn"]
[EventCountry "GER"]
[SourceTitle "playchess.com"]
[Source "ChessBase"]
[SourceQuality "1"]
[WhiteTeam "Baden-Baden"]
[BlackTeam "Schwaebisch Hall"]
[TimeControl "40/5400+30:1800+30"]

1. d4 Nf6 2. Nf3 e6 3. g3 b5 4. Bg2 Bb7 5. O-O Be7 6. a4 b4 7. c4 bxc3 {[%emt 0:05:17] A46: 1 d4 Nf6 2 Nf3 e6: Torre, London and Colle Systems.} 8. Nxc3 Na6 9. Bf4 O-O 10. Rc1 {[%emt 0:01:24] [#]} Nh5 $146 ({Predecessor:} 10... d6 11. Re1 Ne4 12. Nd2 Nxc3 13. bxc3 Bxg2 14. Kxg2 c5 15. e4 cxd4 16. cxd4 Nb4 17. Nc4 d5 18. Ne5 dxe4 19. Rxe4 {0-1 (38) Fernandez Cueto,R (1964)-Vigil Alvarez,L (2291) Oviedo 2008}) 11. Bd2 Nf6 12. Bf4 Nh5 13. Bd2 Nf6 14. Nb5 Be4 15. Ba5 Nd5 16. Ne5 Bxg2 17. Kxg2 f6 18. Nd3 f5 19. Nf4 ({White should try} 19. Nc3 $14 Nab4 20. Bxb4 Nxb4 21. Nxb4 Bxb4 22. d5) 19... Bb4 $11 20. Nxd5 Bxa5 21. Nf4 c6 {[%emt 0:02:29] Prevents d5.} 22. Na3 Nb4 23. Nd3 Nd5 24. e3 Rb8 25. Nc4 Bb4 26. h4 Qe7 27. Qe2 Nf6 28. Nce5 Bd6 29. Rc2 Nd5 30. Rfc1 Qd8 31. Qd2 Bxe5 32. Nxe5 Rb4 33. Rc4 Rb7 34. Nd3 Nb6 35. Rb4 Rb8 36. Nc5 Qe7 37. Na6 $36 {[%emt 0:03:45][%mdl 2048] White has some pressure.} Rbd8 38. a5 Nd5 39. Rb7 g5 (39... f4 $1 $14) 40. hxg5 $16 (40. Rxa7 gxh4 41. Nc7 Nf6 $17) 40... Qxg5 41. Nc5 $1 Rf7 42. Nd3 (42. Rxa7 $142 {Strongly threatening Nd3.} Rg7 43. a6) 42... a6 43. Nf4 Nxf4+ (43... Qg4 $16 {was worth a try.}) 44. exf4 $18 Qg4 (44... Qf6 $16 45. Ra7 h5) 45. Ra7 Rg7 46. Rxa6 {[%emt 0:00:00] aiming for Rb6.} h5 47. Qe3 h4 48. Rh1 Rh7 49. Rh3 Qd1 {[%emt 0:01:51] [#]} 50. Rb6 $2 (50. Rxh4 $2 Rxh4 51. gxh4 Kf7 $19) (50. Ra7 $1 $18) 50... hxg3 $1 $11 {[%emt 0:02:24] ( -> ...Rxh3). The position is equal.} 51. Rxh7 {[%emt 0:02:15] Dancing on a razor blade.} (51. Qxg3+ $2 Rg7 52. Rb3 Qxd4 $19) 51... Kxh7 52. fxg3 {[%emt 0:06:35][%mdl 4096] Endgame KQR-KQR} Rh8 53. Qe5 $1 ({Not} 53. Rb7 $2 Kg6 54. Qg1 Qe2+ 55. Qf2 {[#]} Rh2+ $3 56. Kxh2 Qxf2+ $19) 53... Qd2+ 54. Kf1 Qd3+ 55. Kf2 Qd2+ 56. Kf1 $1 ({Don't go for} 56. Qe2 $2 Qxa5 57. Ra6 Qb4 $19) 56... Rg8 57. Rb7 ({Don't play} 57. Qe2 Qxa5 58. Qh5+ Kg7 59. Qg5+ Kf7 60. Qh5+ Kg7 61. Qg5+ Kf7 62. Qh5+ Ke7 63. Qh7+ Kd6 64. Rxc6+ Kxc6 $17) 57... Qd1+ 58. Kf2 Qd2+ 59. Kf1 Qd1+ 60. Kf2 Qd2+ {[%emt 0:00:27] Black escapes into a draw.  Weighted Error Value: White=0.08 (flawless) /Black=0.07 (flawless)} 1/2-1/2

[Event "Frauenbundesliga 2021-22"]
[Site "Germany"]
[Date "2022.05.28"]
[Round "10.30"]
[White "Atalik, Ekaterina"]
[Black "Heinemann, Josefine"]
[Result "1/2-1/2"]
[ECO "D40"]
[WhiteElo "2414"]
[BlackElo "2300"]
[Annotator "TA"]
[PlyCount "152"]
[EventDate "2021.11.26"]
[EventType "team-tourn"]
[EventCountry "GER"]
[SourceTitle "playchess.com"]
[Source "ChessBase"]
[SourceQuality "1"]
[WhiteTeam "Schwaebisch Hall"]
[BlackTeam "Baden-Baden"]
[TimeControl "40/5400+30:1800+30"]

1. Nf3 d5 2. d4 Nf6 3. c4 e6 4. Nc3 c5 5. e3 Nc6 6. a3 a6 7. dxc5 Bxc5 8. b4 Ba7 9. Bb2 O-O 10. Qc2 Qe7 11. Rd1 Rd8 12. Be2 dxc4 13. Rxd8+ Nxd8 14. Ne4 {[%emt 0:00:00] D40: Queen's Gambit Declined: Semi-Tarrasch with 5 e3.} Nxe4 15. Qxe4 f5 16. Qxc4 Bd7 {[%emt 0:01:39] [#]} 17. Qb3 $146 ({Predecessor:} 17. Ne5 Bb5 18. Qc3 Ba4 19. O-O Bb8 20. Bf3 Bxe5 21. Qxe5 Nc6 22. Qf4 Rd8 23. e4 {½-½ (66) Bieronski,W (2219)-Villarreal,S (1800) IECC email 2001}) 17... Bc6 18. O-O Bd5 (18... Rc8 $11 {feels stronger.}) 19. Qc3 Nc6 20. Rd1 Rd8 21. Bc4 Bxc4 $1 22. Rxd8+ Nxd8 23. Qxc4 Qd7 24. Qb3 (24. Kf1 {seems wilder.} Nc6 25. Ke2 b5 26. Qb3) 24... Nc6 25. h4 h6 26. h5 Bb8 27. g3 (27. Nh4 {feels hotter.} Ne7 28. Ng6 Bd6 29. Qc2) 27... Kh7 28. Nh4 Bc7 29. Ng6 Kg8 {[%emt 0:00:23] Inhibits Nf8.} 30. Qc4 Ne7 31. Qd4 {[%emt 0:00:00][%csl Gb2][%cal Rd4g7] [#]} Nd5 $1 32. e4 fxe4 33. Qxe4 $40 {[%emt 0:00:00][%mdl 128] White is up to no good.} Qf7 34. Kg2 Bb6 35. Bd4 {[%emt 0:02:43] Active counter play!} Bxd4 36. Qxd4 $14 {[%emt 0:00:04][%mdl 4096] Endgame KQN-KQN} Qd7 37. Qe5 Nc7 $1 38. Kh2 b5 (38... b6 $14) 39. Qc5 $16 {[%emt 0:03:18] White threatens Qf8+ and mate.} Qd8 {[%emt 0:00:48] Inhibits Qf8+.} 40. Qb6 Kh7 41. Nf4 Qd7 42. Qb8 Qf7 (42... Ne8 $14) 43. Kg2 Ne8 ({Better is} 43... Qd7 $1 $14) 44. Ng6 Kg8 (44... Qg8 $16 45. g4 Qf7) 45. Qc8 $18 {[%emt 0:00:00] Strongly threatening Ne5.} e5 46. Qc6 (46. Qxa6 Qd5+ 47. Kh2 Qa2) ({White should try} 46. Kg1 $18) 46... Nf6 {[%emt 0:02:25] [#]} (46... Kh7 $16 {keeps fighting.}) 47. Qa8+ $1 (47. Qxa6 Qe8 48. Qd6 Qa8+ 49. Kh2 Kh7 $16) (47. Nxe5 Qxh5 48. Nf3 Qd5 49. Qxa6 Ne4 $16) 47... Ne8 48. Qe4 ({Don't play} 48. Qxa6 $6 Qd5+ 49. Kh2 Qf3 $16) (48. Nxe5 $18 {is the precise move to win.} Qe6 49. Ng6) 48... Nf6 $16 49. Qa8+ (49. Qxe5 $16 Kh7 50. Qf5 Qb7+ 51. f3) 49... Ne8 $1 $18 50. Qf3 $2 ({Much less strong is} 50. Qxa6 $6 Qd5+ 51. Kh2 Qf3) (50. Nxe5 $18 Qe6 51. Ng6) 50... Nf6 $1 $14 51. Nxe5 Qe6 ({Black should play} 51... Qxh5 $14 52. Qxh5 Nxh5) 52. Ng6 Qe8 {[%emt 0:01:42] Inhibits Qa8.} 53. Qb3+ (53. g4 $16) 53... Kh7 $11 54. Qd3 (54. Qe6 {keeps more tension.} Qa8+ 55. Kg1 Qf3 56. Nf8+) 54... Nxh5 {[%emt 0:02:07] The position is equal.} 55. Ne7+ Kh8 $1 56. Nd5 Qe5 {[%emt 0:01:11] Prevents Qf5.} 57. Qf3 Kh7 58. Qd3+ Kh8 59. Qf3 Kh7 60. Qf7 Nf6 61. Nxf6+ Qxf6 62. Qxf6 gxf6 {[%emt 0:00:03] KP-KP} 63. Kf3 Kg6 64. Kf4 {[%emt 0:00:50] Black must now prevent g4.} f5 65. f3 h5 66. g4 $1 ({Avoid the trap} 66. Ke5 $2 Kg5 67. Kd4 f4 68. gxf4+ Kxf4 $19) 66... fxg4 67. fxg4 {[%emt 0:00:05] K3P-K3P} h4 68. Ke4 Kg5 69. Kf3 h3 70. Kg3 h2 $1 71. Kxh2 {[%emt 0:00:05] Kg3 would kill now.} Kxg4 {[%emt 0:00:02] KPP-KPP} 72. Kg2 Kf4 73. Kf2 Ke4 74. Ke2 $1 Kd4 75. Kd2 $1 Kc4 {[%emt 0:00:03] ( -> ...Kb3)} 76. Kc2 $1 Kd4 {[%emt 0:00:02] Weighted Error Value: White=0.29 (precise) /Black=0.14 (very precise)} 1/2-1/2